 Dungeon Crawl Stone Soup version 0.29.1-1-gd02db6906a (webtiles) character file.

Game seed: 1025518237084163494

1756 Spookyspider the Thaumaturge (level 8, -2/48 HPs)
             Began as a Deep Elf Conjurer on Oct 4, 2022.
             Slain by a gnoll
             ... wielding a +0 whip
             ... led by a gnoll bouda
              (5 damage)
             ... on level 6 of the Dungeon.
             The game lasted 00:17:28 (6434 turns).

Spookyspider the Thaumaturge (Deep Elf Conjurer)    Turns: 6434, Time: 00:17:29

Health: -2/48      AC:  2    Str:  4    XL:     8   Next: 78%
Magic:  13/23      EV: 12    Int: 26    God:
Gold:   224        SH:  0    Dex: 13    Spells: 22/25 levels left

rFire   . . .      SeeInvis .   (no weapon)
rCold   . . .      Faith    .   (no shield)
rNeg    . . .      Spirit   .   a - +0 robe
rPois   .          Reflect  .   (no helmet)
rElec   .          Harm     .   (no cloak)
rCorr   .          Rampage  .   (no gloves)
Will    .....                   (no boots)
Stlth   ++........              (no amulet)
HPRegen 0.16/turn               (no ring)
MPRegen 0.18/turn               (no ring)

@: no status effects
A: no striking features
a: no special abilities


You were on level 6 of the Dungeon.
You visited 2 branches of the dungeon, and saw 8 of its levels.

You collected 224 gold pieces.

Inventory:

Hand Weapons
 l - the +8 dagger of the Pariah {drain, rF++ Int-4 Dex+4}
   (You found it on level 2 of the Dungeon)

   A truly terrible weapon, it drains the life of any living foe it strikes.
   Int:       It affects your intelligence (-4).
   Dex:       It affects your dexterity (+4).
   rF:        It greatly protects you from fire.
Armour
 a - a +0 robe (worn)
 h - a +1 leather armour of willpower
 n - a +3 leather armour
Jewellery
 s - a +6 ring of intelligence
Scrolls
 i - 2 scrolls of identify {unknown}
 j - a scroll of enchant armour {unknown}
 k - a scroll of magic mapping
 m - a scroll of fear {unknown}
 o - a scroll of immolation {unknown}
 p - 2 scrolls of poison
 r - 2 scrolls of teleportation {unknown}
 u - a scroll of vulnerability {unknown}
 v - 2 scrolls of enchant weapon {unknown}
 x - a scroll of butterflies {unknown}
 y - a scroll of noise {unknown}
Potions
 b - 3 potions of magic
 c - 2 potions of curing {unknown}
 d - 2 potions of mutation {unknown}
 e - a potion of lignification {unknown}
 f - 2 potions of heal wounds {unknown}
 g - 3 potions of brilliance {unknown}
 q - a potion of flight {unknown}
 t - a potion of might {unknown}
 w - a potion of berserk rage {unknown}
 z - a potion of attraction {unknown}
 A - a potion of cancellation {unknown}


   Skills:
 + Level 3.7 Fighting
 - Level 3.0 Dodging
 - Level 4.0 Stealth
 + Level 9.4 Spellcasting
 + Level 9.0 Conjurations


You had 22 spell levels left.
You knew the following spells:

 Your Spells              Type           Power      Damage    Failure   Level
a - Magic Dart            Conj           100%       1d8       1%          1
b - Searing Ray           Conj           100%       2d8       1%          2

Your spell library contained the following spells:

 Spells                   Type           Power      Damage    Failure   Level
 Foxfire                  Conj/Fire      100%       2x1d9     1%          1
 Conjure Flame            Conj/Fire      35%        6-21      2%          3
 Dazzling Flash           Conj/Hex       70%        N/A       2%          3
 Apportation              Tloc           24%        N/A       4%          1
 Freeze                   Ice            48%        1d7       4%          1
 Flame Wave               Conj/Fire      35%        2d10      8%          4
 Fulminant Prism          Conj/Hex       17%        3d11      8%          4
 Hailstorm                Conj/Ice       35%        3d9       8%          4
 Iskenderun's Mystic Bla  Conj/Tloc      35%        2d8       8%          4
 Frozen Ramparts          Ice            24%        1d4       14%         3
 Inner Flame              Hex/Fire       12%        N/A       14%         3
 Anguish                  Hex/Necr       6%         N/A       43%         4
 Alistair's Intoxication  Tmut/Pois      8%         N/A       80%         5
 Enfeeble                 Hex            6%         N/A       100%        7


Dungeon Overview and Level Annotations

Branches:
Dungeon (7/15)             Temple (1/1) D:6

Altars:
Ashenzari
Cheibriados
Elyvilon
Fedhas
Gozag
Hepliaklqana
Kikubaaqudgha
Makhleb
Nemelex Xobeh
Okawaru
Qazlal
Sif Muna
Uskayaw
Yredelemnul

Annotations:
D:5 2 transporters, Sheol's ghost, novice MiFi


Message History

You kill the gnoll! (Press . to maintain the ray.)
The gnoll closely misses you.
Casting: Searing Ray (safe; 1% risk of failure)
Confirm with . or Enter, or press ? or * to list all spells.
Restarting spell: Searing Ray (safe; 1% risk of failure)
Press: ? - help, Shift-Dir - straight line, f - gnoll
Aim: a gnoll, wielding a +0 club and quivering a throwing net (85% to hit)
The searing ray misses the gnoll. (Press . to maintain the ray.)
The gnoll closely misses you. The gnoll hits you with a +0 club.
The searing ray hits the gnoll!
The gnoll is severely wounded.
The gnoll hits you with a +0 whip.
* * * LOW HITPOINT WARNING * * *
The gnoll barely misses you.
The searing ray hits the gnoll!
You kill the gnoll!
The gnoll hits you with a +0 whip.
* * * LOW HITPOINT WARNING * * *
Casting: Searing Ray (safe; 1% risk of failure)
Confirm with . or Enter, or press ? or * to list all spells.
Restarting spell: Searing Ray (safe; 1% risk of failure)
Press: ? - help, Shift-Dir - straight line, f - gnoll
Aim: a gnoll, wielding a +0 whip (85% to hit)
The searing ray misses the gnoll. (Press . to maintain the ray.)
The gnoll hits you with a +0 whip.
* * * LOW HITPOINT WARNING * * *
The searing ray hits the gnoll!
The gnoll is severely wounded.
The gnoll hits you with a +0 whip.
* * * LOW HITPOINT WARNING * * *
The searing ray hits the gnoll.
The gnoll is severely wounded.
The gnoll closely misses you.
The searing ray misses the gnoll.
You finish channelling your searing ray.
The gnoll hits you with a +0 whip.
You die...

#..............#.## #......
#>................# #......
#..............##<# #......
#..#..#..#[.#..##.# #......
#...............#.###......
###############)[..........
#...............##.......
##..#####)...(...........
#.(....@>...............
#.......g#####....#.....
#######..# #.......)....
#........###+#....#.....
###.###..##.......####.#
#......##.......# #.#
#####.###.......# #..
###..........###### ##.
#........##### #.


You could see a gnoll.

Vanquished Creatures
  Grinder (D:3)
  A human (D:5)
  Eustachio (D:6)
  2 water moccasins (D:6)
  2 ice beasts (D:6)
  An ogre (D:4)
  A bullfrog (D:6)
  2 scorpions
  A howler monkey (D:5)
  An orc priest (D:3)
  4 iguanas
  A jelly (D:5)
  Natasha (thrice) (D:4)
  2 orc wizards (D:6)
  6 gnolls
  10 adders
  2 white imps
  An ufetubus (D:5)
  3 worms
  A dart slug (D:3)
  17 orcs
  8 ball pythons
  8 bats
  6 endoplasms
  4 giant cockroaches
  5 goblins
  6 hobgoblins
  8 jackals
  9 kobolds
  4 quokkas
  3 frilled lizards
  A jackal zombie (D:5)
  5 rats
130 creatures vanquished.

Vanquished Creatures (others)
  31 plants (D:3)
31 creatures vanquished.

Grand Total: 161 creatures vanquished

Notes
Turn   | Place    | Note
-------+----------+-------------------------------------------
     0 | D:1      | Spookyspider the Deep Elf Conjurer began the quest for the
                  | Orb.
     0 | D:1      | Reached XP level 1. HP: 10/10 MP: 6/6
   205 | D:1      | Reached XP level 2. HP: 15/15 MP: 0/8
   407 | D:1      | Reached skill level 5 in Conjurations
   788 | D:1      | Found a faded altar of an unknown god.
   928 | D:2      | Reached XP level 3. HP: 19/19 MP: 7/10
   931 | D:2      | Learned a level 2 spell: Searing Ray
  1207 | D:2      | Found a basalt altar of Yredelemnul.
  1377 | D:2      | Identified the +8 dagger of the Pariah {drain, rF++ Int-4
                  | Dex+4}
  1421 | D:2      | Reached XP level 4. HP: 24/24 MP: 4/11
  1503 | D:2      | Found Zonagguq's Armour Shoppe.
  2163 | D:3      | Noticed Grinder
  2366 | D:3      | Killed Grinder
  2367 | D:3      | Reached skill level 5 in Spellcasting
  2367 | D:3      | Reached XP level 5. HP: 21/28 MP: 0/15
  2367 | D:3      | Reached XP level 6. HP: 25/32 MP: 0/16
  3651 | D:4      | Reached XP level 7. HP: 24/36 MP: 10/19
  3817 | D:4      | Noticed Natasha
  3820 | D:4      | Killed Natasha
  3824 | D:4      | Noticed Natasha
  3829 | D:4      | Killed Natasha
  3920 | D:4      | Noticed Natasha
  3925 | D:4      | Killed Natasha
  3976 | D:5      | Entered Level 5 of the Dungeon
  4209 | D:5      | Reached skill level 1 in Fighting
  4436 | D:5      | Found a transporter.
  4449 | D:5      | Noticed Sheol's ghost (novice MiFi)
  4484 | D:5      | Found a transporter.
  4643 | D:5      | Found a runed translucent door.
  4643 | D:5      | Noticed a human
  4647 | D:5      | Found a basalt altar of Yredelemnul.
  4671 | D:5      | Killed a human
  5001 | D:6      | Reached XP level 8. HP: 44/44 MP: 14/22
  5343 | D:6      | Found a staircase to the Ecumenical Temple.
  5360 | Temple   | Entered the Ecumenical Temple
  5805 | D:6      | Noticed Eustachio
  5811 | D:6      | Killed Eustachio
  6434 | D:6      | Slain by a gnoll

Illustrated notes

Levels and vault maps discovered:
D:1:      minmay_arrival_loop, layout_basic, ebering_ecumenical_altar_ruins
D:2:      layout_basic, serial_shops, nicolae_shop_behind_doors, basic_altar
D:3:      layout_rooms, serial_bayou_lagoon_a, uniq_grinder
D:4:      layout_rooms, uniq_natasha
D:5:      layout_rooms, dk_yredelemnul_ordeal, portal_sewer_entry_e,
          gammafunk_ghost_stat_death
D:6:      layout_basic, temple_hall, uniq_eustachio
D:7:      layout_loops_cross, lemuel_coloured_pillars_altar, serial_shops,
          shop_fountains, uniq_duvessa
Temple:   nicolae_temple_bog_church

Skill      XL: |  1  2  3  4  5  6  7  8 |
---------------+-------------------------+-----
Conjurations   | 5 6 7 8 9 |  9.0
Spellcasting   | 5 6 8 9 |  9.4
Stealth        | 3 4 |  4.0
Dodging        | 3 |  3.0
Fighting       | 2 3 |  3.7

Action                   |  1- 3 |  4- 6 |  7- 9 || total
-------------------------+-------+-------+-------++-------
 Cast: Magic Dart        |    72 |    70 |   104 ||   246
       Searing Ray       |     2 |    10 |    24 ||    36
  Use: Scroll            |       |     2 |       ||     2
       Potion            |       |     1 |       ||     1
Armor: Robe              |       |     1 |     4 ||     5
Dodge: Dodged            |     1 |    10 |    24 ||    35
